 Dungeon Crawl Stone Soup version 0.30-a0-782-ge64f9170bb (webtiles) character file.

Game seed: 2239873650394725491

67 theswoord the Twirler (level 3, -6/27 HPs)
             Began as a Demonspawn Gladiator on Mar 13, 2023.
             Killed from afar by Natasha (8 damage)
             ... with a magic dart
             ... on level 3 of the Dungeon.
             The game lasted 00:01:45 (1505 turns).

theswoord the Twirler (Demonspawn Gladiator)        Turns: 1505, Time: 00:01:45

Health: -6/27      AC: 11    Str: 16    XL:     3   Next: 98%
Magic:  3/3        EV: 10    Int: 11    God:
Gold:   80         SH:  0    Dex: 14    Spells: 2/2 levels left

rFire   . . .      SeeInvis +    a - +0 quarterstaff
rCold   . . .      Faith    .    (shield currently unavailable)
rNeg    . . .      Spirit   .    n - +0 scale mail
rPois   .          Reflect  .    c - +0 helmet
rElec   .          Harm     .    (no cloak)
rCorr   +          Rampage  .    i - +0 pair of gloves
Will    .....                    l - +0 pair of boots Stlth
                                 (no amulet)
HPRegen 0.24/turn                m - ring "Sito Yve" {rCorr Int+2 SInv}
MPRegen 0.08/turn                (no ring)

@: no status effects
A: hooves 1, molten scales 1
a: no special abilities


You were on level 3 of the Dungeon.
You visited 1 branch of the dungeon, and saw 3 of its levels.

You collected 80 gold pieces.

Inventory:

Hand Weapons
 a - a +0 quarterstaff (weapon)
Missiles
 d - 3 throwing nets (quivered)
 e - a javelin
Armour
 b - a +0 leather armour
 c - a +0 helmet (worn)
 i - a +0 pair of gloves (worn)
 l - a +0 pair of boots (worn)
 n - a +0 scale mail (worn)
Jewellery
 k - a ring of fire
 m - the ring "Sito Yve" (left hand) {rCorr Int+2 SInv}
   (You found it on level 2 of the Dungeon)

   [ring of see invisible]

   Int:       It affects your intelligence (+2).
   SInv:      It lets you see invisible.
   rCorr:     It protects you from acid and corrosion.
Scrolls
 o - a scroll of identify {unknown}
 p - a scroll of noise {unknown}
 q - a scroll of poison {unknown}
Potions
 f - a potion of cancellation {unknown}
 g - 2 potions of degeneration {unknown}
 h - 4 potions of curing {unknown}
 j - a potion of might {unknown}
 r - a potion of mutation {unknown}


   Skills:
 - Level 2.0 Fighting
 + Level 4.4 Staves
 - Level 1.7 Throwing
 - Level 2.6 Dodging


You had 2 spell levels left.
You didn't know any spells.
Your spell library was empty.

Dungeon Overview and Level Annotations

Branches:
Dungeon (3/15)

Altars:
Ru

Annotations:
D:3 Natasha


Innate Abilities, Weirdness & Mutations

You have large cloven feet.
You are partially covered in molten scales. (AC +2)


Message History

You now have 80 gold pieces (gained 12).
Things that are here:
a +0 dagger; 6 poisoned darts; a kobold corpse
Things that are here:
a +0 dagger; 6 poisoned darts; a kobold corpse
There is a stone staircase leading up here.
Found a dagger.
You see here a +0 dagger.
Found 4 poisoned darts.
A ball python comes into view.
A ball python is nearby!
Found a bubbling grey potion.
You hit the ball python but do no damage.
The ball python closely misses you. The ball python grabs you.
The ball python constricts you.
You sock the ball python!
You kill the ball python!
No target in view!
No target in view!
r - a bubbling grey potion Natasha, Servant of Life and Death comes into view.
Natasha hisses angrily.
Natasha is nearby!
Natasha is nearby!
Natasha mumbles some strange words.
Natasha closely misses you. The shadow imp gestures at you.
Pain shoots through your body!
You hit Natasha but do no damage. Natasha barely misses you.
You closely miss Natasha.
Natasha mumbles some strange words.
You barely miss Natasha. Natasha claws you but does no damage.
The shadow imp gestures at you. Pain shoots through your body!
Ouch! That really hurt!
* * * LOW HITPOINT WARNING * * *
You completely miss Natasha. Natasha casts a spell at you.
The magic dart hits you!
You die...

.# .. ######### .
#.......## .#
#........####.#
#............# ##
#........#..###..
#.........#@(#.#
#..........5h....#
#.......###..#.###
#####.#####.5# #
#### #........#
..# ####.....# #
#.# #.#####
#.##.#### ###.###
#.......# #.....#


You could see an iron imp (summoned), Natasha and a shadow imp (summoned).

Vanquished Creatures
  3 adders (D:2)
  2 dart slugs
  A worm (D:2)
  3 bats
  3 endoplasms
  2 giant cockroaches (D:1)
  6 goblins
  6 hobgoblins
  3 ball pythons
  2 kobolds
  2 rats
33 creatures vanquished.

Notes
Turn   | Place    | Note
-------+----------+-------------------------------------------
     0 | D:1      | theswoord the Demonspawn Gladiator began the quest for the
                  | Orb.
     0 | D:1      | Reached XP level 1. HP: 16/16 MP: 1/1
   103 | D:1      | Reached skill level 3 in Staves
   170 | D:1      | Gained mutation: You are partially covered in molten
                  | scales. (AC +2) [demonic ancestry]
   170 | D:1      | Reached XP level 2. HP: 22/22 MP: 2/2
   797 | D:2      | Gained mutation: You have large cloven feet. [demonic
                  | ancestry]
   797 | D:2      | Reached XP level 3. HP: 27/27 MP: 3/3
   822 | D:2      | Identified the ring "Sito Yve" {rCorr Int+2 SInv}
   988 | D:2      | Reached skill level 4 in Staves
  1217 | D:2      | Found a sacrificial altar of Ru.
  1498 | D:3      | Noticed Natasha
  1504 | D:3      | HP: 1/27 [shadow imp/nerve-wracking pain[Natasha] (14)]
  1505 | D:3      | Killed from afar by Natasha

Skill      XL: |  1  2  3 |
---------------+----------+-----
Staves         | 3 4 |  4.4
Fighting       | |  2.0
Throwing       | |  1.7
Dodging        | |  2.6

Action                     || total
---------------------------++-------
  Melee: Quarterstaff      ||    91
         Kick              ||     2
   Stab: Sleeping          ||     3
 Armour: Leather armour    ||     6
         Scale mail        ||    20
  Dodge: Dodged            ||    46

Levels and vault maps discovered:
D:1:      mrwooster_arrival_statue_3, layout_basic
D:2:      layout_basic, basic_altar, hangedman_glass_teeth
D:3:      layout_loops_cross, uniq_natasha, uniq_grinder, uniq_robin
